Map: Nightshade LE

Players

THEYNECK

  • Race: Terran Terran
  • League: Master
  • Spawn Location: 5:00

MikeHawk - Winner!

  • Race: Terran Terran
  • League: Master
  • Spawn Location: 11:00

VOD

Have the link to the VOD?

Description

Time

  • Played on: Dec. 18, 2019, 4:15 p.m.
  • Length: 16:50
Show
View Real Time Build Order
Export as new Build Order

THEYNECK Terran 

Build Orders:  

Get SALT Encoding   

  12  0:01  SCV  
  13  0:13  SCV  
  14  0:18  Supply Depot  
  14  0:25  SCV  
  15  0:29  Refinery  
  15  0:40  SCV  
  16  0:44  Barracks  
  16  0:52  SCV  
  17  0:57  Refinery  
  17  1:04  SCV  
  18  1:16  SCV  
  19  1:28  SCV  
  19  1:32  Reaper  
  21  1:40  Orbital Command  
  21  1:45  Factory  
  21  2:01  Supply Depot  
  21  2:04  Reaper  
  21  2:06  SCV  
  23  2:23  SCV  
  23  2:29  Hellion  
  26  2:36  Reaper  
  27  2:39  Command Center  
  27  2:43  SCV  
  28  2:51  Starport  
  28  2:53  Hellion  
  28  2:56  SCV  
  31  3:09  Barracks Reactor  
  31  3:21  Factory Tech Lab  
  31  3:27  Supply Depot  
  31  3:28  Starport Tech Lab  
  31  3:48  SCV, Siege Tank, Marine x2  
  31  3:50  Raven  
  31  3:54  Refinery  
  39  3:58  Orbital Command  
  39  4:01  SCV  
  40  4:08  Marine  
  40  4:09  Marine  
  42  4:13  SCV  
  43  4:21  Siege Tank  
  46  4:24  SCV  
  46  4:25  SCV  
  48  4:33  Supply Depot  
  48  4:36  SCV  
  48  4:37  SCV, Marine x2  
  52  4:45  Raven  
  54  4:49  Supply Depot  
  54  4:54  SCV x2  
  54  4:57  Marine x2  
  54  4:59  Siege Tank  
  61  5:03  Supply Depot  
  61  5:06  SCV x2  
  62  5:18  Marine x2  
  64  5:23  Orbital Command x2  
  64  5:24  Command Center  
  64  5:27  Barracks  
  64  5:29  SCV  
  64  5:31  Barracks  
  60  5:51  SCV x2  
  60  5:52  Viking x2  
  66  6:01  Refinery  
  66  6:03  SCV  
  66  6:08  Marine  
  66  6:10  Siege Tank  
  70  6:12  SCV  
  71  6:26  Marine  
  54  6:41  SCV x2  
  54  6:45  Barracks Reactor x2  
  54  6:48  Viking x2  
  54  6:49  Orbital Command  
  57  6:55  SCV x2  
  57  6:58  Siege Tank  
  57  7:00  Engineering Bay  
  62  7:03  Engineering Bay  
  62  7:07  SCV x2  
  64  7:09  Stimpack  
  64  7:17  Orbital Command  
  64  7:24  Marine x5  
  64  7:27  SCV x2  
  71  7:42  SCV, Marine  
  71  7:43  SCV x2  
  75  7:45  Marine x2  
  75  7:46  Marine x2  
  75  7:49  Siege Tank  
  82  7:54  SCV  
  82  7:55  SCV  
  82  7:57  SCV  
  85  8:02  Marine  
  85  8:03  Medivac x2, Marine x2  
  92  8:07  SCV  
  93  8:14  Terran Infantry Weapons Level 1  
  93  8:15  Supply Depot  
  93  8:16  Terran Infantry Armor Level 1, Supply Depot  
  93  8:21  SCV, Refinery  
  93  8:22  Refinery  
  93  8:34  SCV x3, Marine x2  
  98  8:42  Marine x3  
  98  8:46  Barracks, SCV x3  
  104  8:48  Barracks, Combat Shield, Armory  
  104  8:52  Marine  
  105  8:58  SCV x3, Siege Tank, Medivac x2  
  115  9:05  Supply Depot x2, Factory  
  115  9:06  Supply Depot  
  115  9:10  SCV x2  
  115  9:14  Sensor Tower  
  115  9:15  Sensor Tower  
  117  9:26  SCV x2, Marine x5  
  124  9:31  Viking  
  124  9:32  Viking  
  128  9:40  Barracks Reactor x2  
  128  9:41  Command Center  
  128  9:43  Supply Depot  
  128  9:44  Marine  
  128  9:45  Supply Depot, Terran Vehicle Weapons Level 1  
  127  9:56  Marine x3  
  127  9:57  Factory Tech Lab  
  127  9:58  Siege Tank  
  127  9:59  Marine  
  134  10:02  Marine  
  134  10:07  Concussive Shells  
  134  10:14  Marine x3  
  134  10:17  Marine  
  134  10:19  Marine  
  139  10:24  Marine x4  
  139  10:26  Siege Tank, Viking x2  
  150  10:30  Siege Tank  
  150  10:32  Marine x2  
  150  10:33  Terran Infantry Armor Level 2, Terran Infantry Weapons Level 2  
  150  10:34  Marine  
  150  10:35  Marine  
  156  10:48  Marine x4  
  160  10:51  Marine x3  
  163  10:58  Siege Tank  
  163  11:02  Viking x2  
  163  11:03  Siege Tank  
  167  11:20  Marine x7  
  167  11:21  Marine x2  
  167  11:25  Liberator x2  
  176  11:29  Supply Depot x3  
  176  11:32  Siege Tank  
  179  11:38  Marine  
  180  11:42  Terran Vehicle Weapons Level 2  
  186  11:50  Siege Tank  
  188  12:07  Liberator x2  
  188  12:14  Planetary Fortress  
  188  12:16  Starport  
  188  12:20  Command Center  
  194  12:40  Command Center  
  194  12:52  Siege Tank x2  
  194  12:54  Starport Reactor  
  199  13:05  Terran Infantry Weapons Level 3  
  197  13:24  Refinery  
  197  13:25  Refinery  
  197  13:46  Marine x3  
  176  13:51  Viking x2  
  176  13:52  Marine x6  
  176  13:55  Orbital Command  
  178  13:59  Barracks  
  178  14:00  Barracks x2  
  178  14:02  Viking x2  
  182  14:04  Marine x3  
  185  14:10  Marine x4  
  185  14:13  Orbital Command  
  189  14:27  Marine x4  
  189  14:28  Marine x3  
  196  14:33  Marine x2  
  196  14:37  Terran Ship Weapons Level 1  
  198  14:40  Missile Turret, Refinery  
  198  14:42  Command Center  
  198  14:43  Missile Turret x2, Refinery  
  198  14:50  Liberator x2  
  198  14:55  Command Center  
  187  15:11  Marine x3  
  187  15:13  Viking x2  
  171  15:19  Marine x6  
  167  15:28  Siege Tank, Marine  
  153  15:29  Marine x2  
  142  15:37  Marine x2  
  142  15:38  Marine x3  
  142  15:40  Marine x4  
  143  15:43  Viking x2  
  143  15:46  Marine x3  
  150  15:54  Marine x2  
  150  15:56  Marine x3  
  155  15:58  Orbital Command  
  155  16:03  Marine x3  
  158  16:04  Siege Tank x2  
Show
View Real Time Build Order
Export as new Build Order

MikeHawk Terran - Winner!

Build Orders: Gas First Reaper Expand 

Get SALT Encoding   

  12  0:00  SCV  
  13  0:13  SCV  
  14  0:20  Supply Depot  
  14  0:25  SCV  
  15  0:30  Refinery  
  15  0:41  SCV  
  16  0:44  Barracks  
  16  0:53  SCV  
  17  1:05  SCV  
  18  1:17  SCV  
  19  1:31  Orbital Command, Reaper  
  20  1:49  Command Center  
  20  1:56  SCV  
  21  2:02  Factory  
  21  2:07  Barracks Reactor  
  21  2:08  SCV  
  22  2:18  Supply Depot  
  22  2:20  SCV  
  22  2:22  Refinery  
  23  2:40  SCV  
  24  2:47  Starport  
  24  2:52  SCV, Hellion x2  
  24  2:56  Barracks Tech Lab  
  29  3:03  Orbital Command  
  29  3:13  Hellion  
  29  3:16  Hellion  
  29  3:18  SCV  
  33  3:28  SCV  
  33  3:30  Raven, SCV  
  37  3:39  Supply Depot  
  37  3:40  SCV  
  38  3:42  SCV  
  38  3:43  Marine  
  38  3:45  Factory Tech Lab, Marine  
  41  3:52  SCV  
  41  3:54  SCV  
  43  4:00  Supply Depot  
  43  4:01  Marine  
  44  4:03  Marine  
  44  4:05  SCV, Cyclone  
  44  4:07  SCV  
  51  4:17  SCV  
  51  4:19  SCV  
  52  4:29  SCV  
  52  4:31  SCV, Command Center  
  53  4:35  Supply Depot  
  53  4:37  Siege Tank, Marine  
  57  4:41  SCV  
  57  4:43  SCV  
  59  4:46  Barracks  
  59  4:50  Barracks  
  59  4:52  Starport Reactor  
  59  4:54  SCV  
  59  4:55  SCV  
  59  4:57  Stimpack  
  59  4:59  Marine  
  62  5:06  SCV  
  63  5:07  SCV  
  63  5:08  Supply Depot  
  63  5:09  Siege Tank  
  67  5:14  Refinery  
  67  5:15  Refinery  
  67  5:17  Marine  
  67  5:18  SCV  
  67  5:19  SCV  
  68  5:26  Engineering Bay x2  
  68  5:30  SCV  
  68  5:31  SCV  
  68  5:35  Starport Reactor  
  70  5:42  SCV, Marine x2  
  69  5:43  SCV, Marine  
  69  5:44  Marine x2  
  75  5:50  Siege Tank  
  75  5:52  Orbital Command  
  75  5:53  Terran Infantry Weapons Level 1  
  78  5:59  Terran Infantry Armor Level 1  
  78  6:00  Marine x3  
  78  6:02  Marine x2  
  83  6:12  Medivac  
  83  6:15  Medivac  
  83  6:16  Supply Depot  
  83  6:17  Supply Depot, Marine  
  88  6:18  Marine x2  
  88  6:19  Marine  
  88  6:25  Orbital Command, Marine  
  92  6:35  Marine  
  92  6:36  Marine x2  
  92  6:37  Marine  
  92  6:39  Siege Tank  
  91  6:40  SCV x2  
  91  6:43  Marine  
  91  6:45  Combat Shield  
  93  6:52  Barracks, SCV x2  
  93  6:53  Barracks, Marine  
  93  6:54  Medivac x2, Marine x2  
  98  6:55  Marine  
  98  6:57  SCV  
  104  7:04  SCV x2  
  106  7:09  SCV, Supply Depot x2  
  107  7:16  SCV x2  
  107  7:18  Armory  
  107  7:20  Siege Tank, Marine x5  
  117  7:31  SCV x3  
  117  7:32  Refinery  
  117  7:33  Refinery  
  120  7:38  Marine  
  120  7:43  SCV x3, Supply Depot  
  128  7:44  Barracks Reactor, Supply Depot  
  128  7:47  Barracks Reactor  
  128  7:48  Marine x2  
  128  7:50  Marine x2  
  132  7:55  SCV  
  133  8:00  SCV x2  
  133  8:02  Viking x2  
  133  8:07  SCV, Terran Infantry Weapons Level 2  
  133  8:11  Terran Infantry Armor Level 2  
  133  8:12  SCV  
  135  8:17  Command Center  
  135  8:18  Supply Depot  
  135  8:27  Siege Tank  
  135  8:30  Terran Vehicle Weapons Level 1  
  138  8:35  Supply Depot, Factory  
  138  8:36  Supply Depot  
  138  8:38  Marine x4  
  138  8:39  Marine x4  
  146  8:41  Barracks Reactor  
  146  8:45  Viking  
  146  8:46  Viking  
  150  8:57  Supply Depot, Marine  
  150  8:58  Marine x2  
  150  8:59  Siege Tank, Marine x5  
  161  9:05  SCV x3  
  161  9:08  Sensor Tower  
  164  9:17  SCV x3  
  164  9:21  Marine  
  164  9:22  Siege Tank  
  164  9:23  Viking x2  
  175  9:29  SCV x3  
  178  9:38  Siege Tank  
  181  9:41  SCV x3  
  181  9:44  Refinery  
  184  9:48  Refinery  
  184  9:50  Missile Turret  
  184  9:51  Command Center  
  184  9:53  Missile Turret, Viking  
  184  9:54  Siege Tank, Supply Depot  
  189  10:01  Planetary Fortress  
  189  10:03  Sensor Tower  
  186  10:14  Missile Turret  
  186  10:16  Missile Turret  
  186  10:17  Starport  
  186  10:18  Starport  
  185  10:21  Command Center  
  185  10:32  Viking  
  185  10:33  Viking  
  189  10:36  Terran Ship Weapons Level 1  
  189  10:38  Armory  
  189  10:40  Fusion Core  
  189  10:42  Command Center  
  189  10:43  Command Center  
  189  10:45  Terran Infantry Weapons Level 3  
  189  10:54  Terran Infantry Armor Level 3  
  189  11:01  Starport Reactor  
  189  11:02  Starport Reactor, Command Center  
  189  11:03  Orbital Command  
  189  11:11  Viking x2  
  190  11:27  Command Center  
  190  11:28  Command Center  
  190  11:30  Terran Vehicle And Ship Armor Level 1, Advanced Ballistics  
  190  11:35  Liberator  
  190  11:36  Liberator  
  190  11:38  Command Center  
  190  11:49  Missile Turret x2  
  190  11:52  Missile Turret x2  
  196  11:54  Missile Turret  
  196  11:58  Viking  
  195  12:02  Viking, Refinery  
  195  12:03  Refinery  
  197  12:11  Viking  
  197  12:15  Planetary Fortress  
  199  12:18  Orbital Command x2  
  199  12:24  Orbital Command  
  199  12:29  Terran Ship Weapons Level 2  
  198  12:40  Sensor Tower  
  197  13:18  Viking  
  199  13:24  Orbital Command  
  199  13:25  Orbital Command x2  
  196  13:33  Liberator  
  193  13:47  Marine x2  
  171  13:50  Siege Tank x2, Viking  
  171  13:51  Viking x4  
  171  13:55  Starport x2  
  188  13:57  Neosteel Armor, Starport, Hi-Sec Auto Tracking  
  188  13:58  Terran Vehicle And Ship Armor Level 2  
  188  14:06  Marine x2  
  190  14:20  Viking  
  190  14:21  Viking x2  
  190  14:22  Siege Tank, Command Center x2  
  199  14:37  Starport Reactor x2  
  199  14:38  Starport Reactor  
  199  14:48  Liberator x2  
  199  14:49  Liberator  
  199  14:51  Liberator x3  
  199  15:11  Liberator  
  195  15:28  Viking x2  
  195  15:32  Marine  
  195  15:33  Marine  
  188  15:37  Marine  
  193  15:56  Viking  
  193  15:57  Viking x5  
  199  15:59  Orbital Command  
  199  16:17  Viking x3  
  198  16:19  Viking x2  
Tags
 
Add a new tag
Caveats
  • Supply blocks, unpowered buildings, or Contaminate may cause inaccurate times.
  • Supply counts are checked every 10 seconds.